 Dungeon Crawl Stone Soup version 0.23-a0-834-g16358f6 (webtiles) character file.

346944 Blackhawk the Slayer (level 21, -7/149 HPs)
             Began as a Gargoyle Monk on Jan 23, 2019.
             Was the Champion of Trog.
             Killed from afar by a fire giant (61 damage)
             ... with a bolt of fire
             ... summoned by a glowing orange brain
             ... on level 2 of the Depths on Jan 24, 2019.
             The game lasted 03:33:45 (56210 turns).

Blackhawk the Slayer (Gargoyle Monk)               Turns: 56210, Time: 03:33:45

Health: -7/149     AC: 59    Str: 29    XL:     21   Next: 73%
Magic:  20/28      EV: 13    Int: 12    God:    Trog [******]
Gold:   3277       SH: 23    Dex: 19    Spells: 20/20 levels left

rFire    . . .     SeeInvis .   K - +9 mace "Wumucs" {flame, *Contam +Blink rElec MR+}
rCold    + . .     Gourm    +   U - +0 large shield
rNeg     + . .     Faith    .   R - +7 crystal plate armour {rC+}
rPois    ∞         Spirit   .   m - +1 hat
rElec    +         Reflect  .   D - +2 cloak
rCorr    .         Harm     .   X - +0 pair of gloves
MR       +++++                  M - +2 pair of boots {run}
Stlth    ..........             O - amulet of the gourmand
HPRegen  1.34/turn              d - ring of the Barracuda {Wiz +Inv Str+5}
MPRegen  0.21/turn              t - ring "Xynne" {MR+ Dex+7}

@: berserk cooldown, regenerating, slowed, very slow
A: big wings, negative energy resistance 1, electricity resistance, unbreathing,
petrification resistance, rot immunity, AC +16
}: 3/15 runes: decaying, abyssal, gossamer
a: Fly, Berserk, Trog's Hand, Brothers in Arms, Renounce Religion, Evoke Blink,
Evoke Invisibility


You were on level 2 of the Depths.
You worshipped Trog.
Trog was exalted by your worship.
You were very full.

You visited 7 branches of the dungeon, and saw 37 of its levels.
You visited the Abyss 2 times.
You also visited: Ice Cave.

You collected 3837 gold pieces.
You spent 560 gold pieces at shops.

Inventory:

Hand Weapons
 r - a +9 dire flail of venom
 K - the +9 mace "Wumucs" (weapon) {flame, *Contam +Blink rElec MR+}
   (You found it on level 11 of the Dungeon)

   It has been specially enchanted to burn those struck by it, causing extra
   injury to most foes and up to half again as much damage against particularly
   susceptible opponents.
   It insulates you from electricity.
   It affects your resistance to hostile enchantments.
   It lets you blink.
   It causes magical contamination when unequipped.
 N - a +8 antimagic great mace
Missiles
 b - a throwing net (quivered)
Armour
 m - a +1 hat (worn)
 D - a +2 cloak (worn)
 M - a +2 pair of boots of running (worn)
 R - a +7 crystal plate armour of cold resistance (worn)
 U - a +0 large shield (worn)
 X - a +0 pair of gloves (worn)
Jewellery
 d - the ring of the Barracuda (left hand) {Wiz +Inv Str+5}
   (You found it on level 1 of the Spider Nest)

   [ring of wizardry]

   It improves your spell success rate.
   It affects your strength (+5).
   It lets you turn invisible.
 t - the ring "Xynne" (right hand) {MR+ Dex+7}
   (You found it on level 12 of the Dungeon)

   [ring of protection from magic]

   It affects your dexterity (+7).
   It affects your resistance to hostile enchantments.
 O - an amulet of the gourmand (around neck)
Wands
 f - a wand of acid (17)
 k - a wand of random effects (18)
 q - a wand of disintegration (5)
 u - a wand of polymorph (20)
 v - a wand of digging (13)
 z - a wand of enslavement (17)
 A - a wand of scattershot (6)
 B - a wand of flame (38)
 J - a wand of paralysis (18)
 L - a wand of clouds (2)
 Q - a wand of iceblast (9)
Scrolls
 e - 14 scrolls of teleportation
 h - 2 scrolls of vulnerability
 j - a scroll of enchant weapon
 o - 4 scrolls of fog
 p - 2 scrolls of silence
 s - 3 scrolls of blinking
 E - 11 scrolls of remove curse
 I - 3 scrolls of magic mapping
 S - 4 scrolls of fear
 Y - 2 scrolls of identify
Potions
 a - 7 potions of ambrosia
 g - 15 potions of curing
 i - 2 potions of haste
 l - 5 potions of mutation
 n - 8 potions of agility
 x - 4 potions of cancellation
 y - a potion of berserk rage
 C - 3 potions of heal wounds
 F - a potion of resistance
 G - a potion of invisibility
 Z - 2 potions of might
Miscellaneous
 w - a lamp of fire
 P - a phantom mirror
 T - a phial of floods
 V - a fan of gales
 W - a sack of spiders
Comestibles
 c - 61 rations
 H - 6 chunks of flesh


   Skills:
 * Level 21.4 Fighting
 - Level 14.0 Maces & Flails
 + Level 18.2 Armour
 + Level 12.5 Dodging
 - Level 3.9 Stealth
 + Level 16.8 Shields
 - Level 10.0 Evocations


You had 20 spell levels left.
You didn't know any spells.
Your spell library was empty.

Dungeon Overview and Level Annotations

Branches:
Dungeon (15/15)            Temple (0/1) D:5            Lair (6/6) D:11
  Swamp (4/4) Lair:2       Spider (4/4) Lair:2        Slime (0/5) Lair:6
    Orc (2/2) D:10            Elf (0/3) Orc:2        Vaults (4/5) D:13
  Crypt (0/3) Vaults:2     Depths (2/5) D:15

Altars:
Ashenzari
Cheibriados
Gozag
Makhleb
Okawaru
Trog
Yredelemnul
The Shining One
Beogh

Shops:
D:14 (   Orc:2 =*[(   Vaults:3 (   Vaults:4 !

Portals:
Hell: Lair:6 Depths:1 Depths:2
Abyss: Depths:1
Trove: Vaults:4 (give 5 scrolls of blinking)

Annotations:
Lair:2 1 runed door, Seqizxai's ghost, journeyman KoEn
Lair:6 2 exclusions
Spider:4 1 exclusion
Depths:1 22 runed doors


Innate Abilities, Weirdness & Mutations

You are resistant to torment.
Your stone body is resilient. (AC +16)
You are immune to poison.
Your large and strong wings let you fly indefinitely.
You resist negative energy. (rN+)
You are resistant to electric shocks. (rElec)
You can survive without breathing.
You are immune to petrification.
You are immune to rotting.


Message History

Trog accepts your kill.
Items here: )) [[ a +0 antimagic rapier; a +0 animal skin; a +2 vampiric lajatang a cursed +0 robe The fire giant gestures at you while chanting.
The bolt of fire hits you!!
The necromancer gestures at you while chanting.
The bolt of fire hits the fire giant.
The fire giant resists.
The bolt of fire hits you but does no damage.
The fire giant hits you but does no damage.
The fire giant casts a spell at you.
The fireball explodes!
The fireball engulfs you.
The fire giant points at you and mumbles some strange words.
The fireball explodes!
The fireball engulfs you!!!
The necromancer points at you and mumbles some strange words.
The bolt of fire hits the fire giant.
The fire giant resists.
The bolt of fire misses you. The fire giant casts a spell at you.
The bolt of fire hits you!!!
You die...

............i.##)#...............
################Z#.#####...####.#
#D#.. ...........# #p#.#
#####.###### #.#.# #. # #C# #. #
#.# #. . #.# # #@# #.# #.# #..
###


You could see a fire giant, a fire dragon, a necromancer and a spriggan
berserker zombie.

Vanquished Creatures
  Mennas (Vaults:3)
  Frederick (Vaults:4)
  the Enchantress (Depths:1)
  2 liches (Vaults:4)
  Gastronok (Lair:1)
  A tentacled starspawn (Abyss:3)
  An ancient champion (Vaults:2)
  A thorn hunter (Swamp:2)
  A tengu reaver (Depths:1)
  3 fire giants
  2 deep elf sorcerers
  A frost giant (Depths:1)
  2 ghost moths (Spider:4)
  5 emperor scorpions (Spider:4)
  5 vault wardens
  2 orc warlords
  Louise (Spider:4)
  13 ironheart preservers
  7 entropy weavers
  3 spriggan defenders
  A reaper (IceCv)
  8 very ugly things
  10 stone giants
  2 deep elf demonologists
  4 spark wasps
  7 ettins
  A crystal guardian (Vaults:2)
  A deep elf death mage (Vaults:2)
  A fire dragon (Vaults:1)
  A great orb of eyes (Vaults:2)
  5 yaktaur captains
  3 rakshasas
  3 vault guards
  20 hydras
  3 ice dragons
  Fannar (D:10)
  2 spriggan air magi
  Erolcha (D:11)
  A hydra (shapeshifter) (Vaults:2)
  A ghost crab (Swamp:3)
  6 centaur warriors
  2 shambling mangroves
  2 death knights (Vaults:2)
  5 deep troll shamans
  44 two-headed ogres
  14 ogre magi
  3 tengu warriors
  7 alligators
  5 death yaks
  3 deep troll earth magi
  A vampire mage (Depths:2)
  2 spriggan berserkers
  A soul eater (Abyss:3)
  2 orc high priests (Orc:2)
  A thrashing horror (Vaults:3)
  5 hell knights
  A deep elf knight (Vaults:2)
  A wretched star (Abyss:2)
  A sixfirhy (Lair:6)
  8 skeletal warriors
  2 iron trolls
  17 deep trolls
  A shadow wraith (Vaults:1)
  A spatial maelstrom (Abyss:3)
  2 unseen horrors
  2 spriggan druids (Swamp:3)
  4 deep elf archers
  2 flayed ghosts
  6 wizards
  2 wolf spider zombies
  Pikel (D:6)
  2 glowing orange brains
  3 necromancers
  7 swamp dragons
  16 ironbrand convokers
  5 harpies (Vaults:4)
  15 orb spiders
  14 orc knights
  2 phantasmal warriors (Vaults:2)
  6 deep elf magi
  37 ugly things
  9 cyclopes
  5 orc sorcerers
  4 moths of wrath
  21 wolf spiders
  A manticore (D:12)
  12 elephants
  3 centaur zombies
  Joseph (D:8)
  A guardian serpent (shapeshifter) (Depths:1)
  9 vault sentinels
  A torpor snail (Lair:5)
  2 ice statues (IceCv)
  2 gargoyles
  A spiny frog (shapeshifter) (Vaults:1)
  2 rime drakes (Lair:6)
  11 spiny frogs
  A rime drake (shapeshifter) (D:15)
  7 freezing wraiths
  An efreet (D:14)
  7 komodo dragons
  22 yaktaurs
  A hellwing (Lair:6)
  6 demonic crawlers
  12 ice devils
  21 jumping spiders
  A troll (shapeshifter) (D:14)
  A meliai (D:13)
  Grinder (D:5)
  A wind drake (shapeshifter) (Vaults:1)
  13 hornets
  7 trolls
  3 polar bears
  9 tyrant leeches
  A large abomination (Abyss:3)
  A harpy skeleton (D:15)
  A meliai zombie (D:12)
  A stone giant simulacrum (Vaults:3)
  10 hippogriffs
  2 human simulacra
  17 blink frogs
  14 bog bodies
  6 dream sheep (Lair:3)
  18 slime creatures
  A shadow (Swamp:2)
  2 centaur simulacra
  Sigmund (D:2)
  53 redbacks
  11 spriggans
  22 tarantellas
  3 wraiths (Vaults:2)
  A water elemental (Depths:1)
  22 yaks
  4 wyverns
  A human (D:13)
  A basilisk (D:14)
  3 hungry ghosts
  7 vampire mosquitoes
  A redback simulacrum (D:15)
  14 swamp worms
  Edmund (D:6)
  5 wargs
  13 insubstantial wisps
  A soldier ant (shapeshifter) (D:14)
  2 acid dragons (Vaults:1)
  13 water moccasins
  11 porcupines
  3 hell hounds (Lair:6)
  15 swamp drakes
  49 orc warriors
  2 black bears
  A hornet zombie (D:8)
  10 ice beasts
  5 sky beasts
  4 phantoms
  20 wolves
  39 ogres
  17 centaurs
  13 crocodiles
  A big kobold (shapeshifter) (Vaults:1)
  2 big kobolds
  2 small abominations
  20 bullfrogs
  2 wyvern zombies
  A scorpion (shapeshifter) (Vaults:4)
  A wyvern skeleton (D:8)
  2 scorpions
  9 killer bees
  13 wights
  3 electric eels
  3 howler monkeys
  12 crimson imps
  2 quasits
  25 orc priests
  A bullfrog zombie (D:8)
  7 jellies
  A bullfrog skeleton (D:5)
  2 hounds
  14 orc wizards
  7 centaur skeletons
  4 iguanas
  Jessica (D:3)
  12 worker ants
  A hound zombie (D:5)
  2 hound skeletons
  A howler monkey zombie (D:8)
  5 gnolls
  A howler monkey skeleton (D:6)
  22 adders
  4 shadow imps
  3 white imps (IceCv)
  6 ufetubi
  An ooze (D:3)
  2 adder zombies (D:8)
  7 worms
  5 dart slugs
  7 leopard geckos
  79 orcs
  6 giant cockroaches
  6 goblins
  10 hobgoblins
  10 jackals
  2 quokkas
  3 ball pythons (D:3)
  9 bats
  3 frilled lizards
  A goblin skeleton (D:9)
  A goblin zombie (D:9)
  4 hobgoblin zombies (D:9)
  11 kobolds
  A kobold skeleton (D:9)
  A kobold zombie (D:9)
  A quokka zombie (D:7)
  13 rats
  A spectral orc (D:3)
1408 creatures vanquished.

Vanquished Creatures (collateral kills)
  Rupert (D:13)
  A thorn hunter (Swamp:4)
  An emperor scorpion (Spider:4)
  A spriggan defender (Depths:1)
  An entropy weaver (Spider:1)
  A fire dragon (Vaults:2)
  An ogre mage (Vaults:1)
  A vault guard (Vaults:1)
  5 hydras
  2 two-headed ogres
  A spriggan berserker (Swamp:4)
  A spriggan druid (Swamp:2)
  A wizard (Vaults:1)
  An unseen horror (D:13)
  2 swamp dragons
  3 wolf spiders
  2 orc knights (Orc:2)
  An orc sorcerer (Orc:2)
  8 ugly things
  2 orb spiders
  3 vault sentinels
  A spiny frog (Swamp:2)
  An orange demon (Lair:6)
  3 yaktaurs
  2 ice devils (Lair:6)
  A red devil (Lair:6)
  3 jumping spiders
  A hornet (Depths:1)
  2 bog bodies
  3 redbacks
  3 tarantellas
  15 humans (D:13)
  A hell hound (Lair:6)
  4 orc warriors
  2 centaurs (D:11)
  3 ogres (Vaults:3)
  A hound (D:13)
  An orc priest (D:10)
  An orc wizard (D:11)
  3 orcs
91 creatures vanquished.

Vanquished Creatures (others)
  A hydra (Swamp:4)
  Urug (D:13)
  A spriggan druid (Swamp:4)
  A torpor snail (Spider:2)
  A kobold demonologist (D:14)
  A redback (Spider:4)
  A vampire mosquito (Swamp:4)
  An orc warrior (Orc:2)
  5 white imps (IceCv)
  7 ufetubi (IceCv)
  An orc (Orc:2)
  2 briar patches (Swamp:2)
  22 fungi
  2 lurking horrors
  23 plants
  4 starspawn tentacles (Abyss:3)
74 creatures vanquished.

Grand Total: 1573 creatures vanquished

Notes
Turn   | Place    | Note
-------+----------+-------------------------------------------
     0 | D:1      | Blackhawk the Gargoyle Monk began the quest for the Orb.
     0 | D:1      | Reached XP level 1. HP: 14/14 MP: 1/1
   516 | D:1      | Reached XP level 2. HP: 17/19 MP: 2/2
  1054 | D:1      | Reached XP level 3. HP: 23/23 MP: 3/3
  1840 | D:2      | Noticed Sigmund
  1902 | D:2      | Killed Sigmund
  1902 | D:2      | Reached skill level 4 in Fighting
  1902 | D:2      | Reached XP level 4. HP: 30/30 MP: 4/4
  1902 | D:2      | Reached XP level 5. HP: 34/34 MP: 5/5
  2010 | D:2      | Noticed a moth of wrath
  2013 | D:2      | Found a bloodstained altar of Trog.
  2105 | D:2      | Reached XP level 6. HP: 6/39 MP: 6/6
  2127 | D:2      | Became a worshipper of Trog the Wrathful
  2127 | D:2      | Reached * piety under Trog
  2127 | D:2      | Reached ** piety under Trog
  2795 | D:3      | Reached skill level 1 in Armour
  3107 | D:3      | Noticed Jessica
  3114 | D:3      | Killed Jessica
  3231 | D:3      | Found a snail-covered altar of Cheibriados.
  3270 | D:3      | Reached skill level 5 in Fighting
  3485 | D:3      | Found a basalt altar of Yredelemnul.
  3591 | D:3      | Reached XP level 7. HP: 31/44 MP: 7/7
  3868 | D:4      | Reached *** piety under Trog
  4128 | D:4      | Found an opulent altar of Gozag.
  4429 | D:5      | Entered Level 5 of the Dungeon
  4574 | D:5      | Reached skill level 1 in Shields
  4742 | D:5      | Reached skill level 5 in Maces & Flails
  4903 | D:5      | Found a staircase to the Ecumenical Temple.
  4903 | D:5      | Noticed Grinder
  4917 | D:5      | Killed Grinder
  4917 | D:5      | Reached XP level 8. HP: 51/51 MP: 8/8
  5280 | D:6      | Noticed Edmund
  5292 | D:6      | Killed Edmund
  5292 | D:6      | Reached skill level 6 in Fighting
  5698 | D:6      | Noticed Pikel
  5712 | D:6      | Killed Pikel
  5712 | D:6      | Reached skill level 5 in Dodging
  5712 | D:6      | Reached XP level 9. HP: 56/56 MP: 9/9
  5962 | D:6      | Found a shattered altar of Ashenzari.
  5962 | D:6      | Found an iron altar of Okawaru.
  5969 | D:6      | Reached **** piety under Trog
  6011 | D:7      | Reached skill level 5 in Armour
  6054 | D:7      | Reached skill level 7 in Fighting
  7090 | D:8      | Noticed Joseph
  7216 | D:8      | Killed Joseph
  7216 | D:8      | Reached XP level 10. HP: 64/64 MP: 10/10
  7372 | D:8      | Reached skill level 8 in Fighting
  7876 | D:9      | Reached ***** piety under Trog
  8290 | D:9      | Found a glowing golden altar of the Shining One.
  8495 | D:9      | Noticed a two-headed ogre
  8643 | D:9      | Killed a two-headed ogre
  8643 | D:9      | Reached skill level 9 in Fighting
  8643 | D:9      | Reached skill level 10 in Maces & Flails
  8643 | D:9      | Reached XP level 11. HP: 60/71 MP: 11/11
  8802 | D:9      | Got a twisted hand axe
  8803 | D:9      | Identified the cursed +0 hand axe of Oggoozal {pain, +Inv
                  | Int+2 SInv} (You found it on level 9 of the Dungeon)
  8864 | D:10     | Entered Level 10 of the Dungeon
  9056 | D:10     | Found a staircase to the Orcish Mines.
  9084 | D:10     | Found a roughly hewn altar of Beogh.
  9597 | D:10     | Noticed Fannar
  9615 | D:10     | Killed Fannar
  9983 | D:11     | Noticed a cyclops
 10152 | D:11     | Killed a cyclops
 10197 | D:11     | Found a staircase to the Lair.
 10214 | D:11     | Got a crude spear
 10240 | D:11     | Got an ichor-stained mace
 10273 | D:11     | Noticed a two-headed ogre
 10288 | D:11     | Killed a two-headed ogre
 10305 | D:11     | Identified the +9 mace "Wumucs" {flame, *Contam +Blink
                  | rElec MR+} (You found it on level 11 of the Dungeon)
 10417 | D:11     | Noticed Erolcha
 10425 | D:11     | Killed Erolcha
 10489 | D:11     | Noticed a two-headed ogre
 10498 | D:11     | Killed a two-headed ogre
 10498 | D:11     | Reached skill level 1 in Evocations
 10649 | D:11     | Reached skill level 10 in Fighting
 10659 | D:11     | Received a gift from Trog
 10759 | D:11     | Reached XP level 12. HP: 62/77 MP: 13/13
 11103 | Lair:1   | Entered Level 1 of the Lair of Beasts
 11846 | Lair:1   | Noticed Gastronok
 11859 | Lair:1   | Killed Gastronok
 12139 | Lair:2   | Found a staircase to the Swamp.
 12214 | Lair:2   | Found a runed door.
 12214 | Lair:2   | Noticed Seqizxai's ghost (journeyman KoEn)
 12318 | Lair:2   | Got a dazzling flail
 12324 | Lair:2   | Found a hole to the Spider Nest.
 13139 | Lair:3   | Reached skill level 5 in Shields
 13177 | Lair:3   | Reached skill level 10 in Armour
 13182 | Lair:3   | Reached skill level 11 in Fighting
 13492 | Lair:3   | Found the +5 demon whip "Spellbinder" {antimagic, MR+}
 13519 | Lair:3   | Reached XP level 13. HP: 77/84 MP: 16/16
 13581 | Lair:3   | Found a frozen archway.
 13656 | IceCv    | Entered an ice cave
 14310 | IceCv    | Identified a +0 pair of boots of running (You found it in
                  | an ice cave)
 14699 | IceCv    | Received a gift from Trog
 15089 | IceCv    | Noticed a reaper
 15095 | IceCv    | Reached skill level 5 in Evocations
 15102 | IceCv    | Killed a reaper
 15232 | IceCv    | Got a jewelled halberd
 15252 | IceCv    | Identified the +0 flail "Bucisisa" {holy, Int+2} (You found
                  | it on level 2 of the Lair of Beasts)
 16992 | Lair:5   | Found a dark tunnel.
 17531 | Lair:5   | Reached ****** piety under Trog
 17717 | Lair:5   | Identified the Catalogue of Arcane Weapons
 18062 | Lair:6   | Entered Level 6 of the Lair of Beasts
 18080 | Lair:6   | Reached skill level 12 in Fighting
 18292 | Lair:6   | Gained mutation: Your large and strong wings let you fly
                  | indefinitely. [Gargoyle growth]
 18292 | Lair:6   | Reached XP level 14. HP: 77/92 MP: 18/18
 18411 | Lair:6   | Received a gift from Trog
 19027 | Lair:6   | Found a staircase to the Slime Pits.
 20072 | Lair:6   | Found a burning altar of Makhleb.
 20110 | Lair:6   | Found a gateway to Hell.
 20468 | Spider:1 | Entered Level 1 of the Spider Nest
 20648 | Spider:1 | Received a gift from Trog
 20915 | Spider:1 | Noticed an entropy weaver
 20930 | Spider:1 | Killed an entropy weaver
 21331 | Spider:1 | Got a glittering lead ring
 21421 | Spider:1 | Identified the ring of the Barracuda {Wiz +Inv Str+5} (You
                  | found it on level 1 of the Spider Nest)
 21523 | Spider:2 | Noticed an entropy weaver
 21531 | Spider:1 | Reached skill level 13 in Fighting
 21544 | Spider:1 | Killed an entropy weaver
 21579 | Spider:1 | Reached XP level 15. HP: 28/98 MP: 20/20
 21897 | Spider:2 | Received a gift from Trog
 22748 | Spider:3 | Reached skill level 10 in Shields
 23380 | Spider:3 | Received a gift from Trog
 23877 | Spider:4 | Entered Level 4 of the Spider Nest
 24303 | Spider:3 | Received a gift from Trog
 24942 | Spider:4 | Noticed Louise
 24961 | Spider:4 | Killed Louise
 25593 | Spider:4 | Noticed an emperor scorpion
 25611 | Spider:4 | Killed an emperor scorpion
 25725 | Spider:4 | Reached skill level 14 in Fighting
 25946 | Spider:4 | Noticed an emperor scorpion
 25965 | Spider:4 | Killed an emperor scorpion
 25965 | Spider:4 | Received a gift from Trog
 25987 | Spider:4 | Reached XP level 16. HP: 103/106 MP: 22/22
 26757 | Spider:4 | Got a gossamer rune of Zot
 27115 | Orc:1    | Entered Level 1 of the Orcish Mines
 27268 | Orc:1    | Found a roughly hewn altar of Beogh.
 28223 | Orc:2    | Entered Level 2 of the Orcish Mines
 28494 | Orc:1    | Reached skill level 10 in Evocations
 28498 | Orc:1    | Received a gift from Trog
 28844 | Orc:2    | Found Nymaepru's Antique Armour Boutique.
 29202 | Orc:2    | Found Zaapp's General Store.
 29464 | Orc:2    | Found Isetiuc's Antique Weapon Shoppe.
 29644 | Orc:2    | Found a staircase to the Elven Halls.
 29753 | Orc:2    | Found Zyoq's Jewellery Shop.
 29982 | Orc:2    | Bought a pair of glowing gloves for 270 gold pieces
 30012 | Orc:2    | Bought a scroll of identify for 26 gold pieces
 30171 | Swamp:1  | Entered Level 1 of the Swamp
 30431 | Swamp:1  | Reached skill level 15 in Fighting
 31616 | Swamp:2  | Received a gift from Trog
 31826 | Swamp:2  | Noticed a thorn hunter
 31868 | Swamp:2  | Killed a thorn hunter
 31868 | Swamp:2  | Reached XP level 17. HP: 113/113 MP: 24/24
 33735 | Swamp:4  | Entered Level 4 of the Swamp
 33950 | Swamp:3  | Received a gift from Trog
 34302 | Swamp:4  | Reached skill level 16 in Fighting
 35124 | Swamp:4  | Reached skill level 15 in Armour
 36159 | Swamp:4  | Got a decaying rune of Zot
 36235 | Swamp:4  | Upgraded the game from 0.23-a0-831-g5da158a to
                  | 0.23-a0-834-g16358f6
 36514 | D:12     | You fall through a shaft!
 36514 | D:13     | Noticed Urug
 36522 | D:13     | Noticed Rupert
 36538 | D:13     | Your ally died
 36560 | D:13     | Killed Rupert
 36643 | D:13     | Found a gate to the Vaults.
 37249 | D:14     | Found Escho's Weapon Emporium.
 37288 | D:14     | You fall through a shaft!
 37288 | D:15     | Entered Level 15 of the Dungeon
 37361 | D:15     | Reached XP level 18. HP: 70/122 MP: 25/25
 37706 | D:14     | Reached skill level 17 in Fighting
 37718 | D:14     | Received a gift from Trog
 37768 | D:14     | Identified a scroll of acquirement
 38822 | D:15     | Found a staircase to the Depths.
 39335 | D:12     | Got a heavily runed ivory ring
 40184 | Vaults:1 | Entered Level 1 of the Vaults
 40718 | Vaults:1 | Reached skill level 10 in Dodging
 41044 | Vaults:1 | Received a gift from Trog
 41297 | Vaults:1 | Reached skill level 18 in Fighting
 42378 | Vaults:1 | Reached XP level 19. HP: 130/130 MP: 26/26
 42606 | Vaults:1 | Cast into level 2 of the Abyss (wizard)
 42817 | Vaults:1 | Escaped the Abyss
 43506 | Vaults:2 | Received a gift from Trog
 43972 | Vaults:2 | Found a magical portal.
 45171 | Vaults:2 | Found a staircase to the Crypt.
 45518 | Vaults:2 | Reached skill level 15 in Shields
 45713 | Vaults:2 | Reached skill level 19 in Fighting
 47187 | Vaults:3 | Received a gift from Trog
 47193 | Vaults:3 | Got a crystal morningstar {god gift}
 47476 | Vaults:3 | Cast into level 3 of the Abyss (a deep elf sorcerer)
 47526 | Abyss:3  | Found a corrupted altar of Lugonu.
 47590 | Abyss:3  | Found a glowing golden altar of the Shining One.
 47598 | Abyss:3  | Noticed a juggernaut
 47600 | Abyss:3  | Got an abyssal rune of Zot
 47691 | Abyss:3  | Found a shimmering altar of Xom.
 47691 | Abyss:3  | Found a shimmering altar of Xom.
 47691 | Abyss:3  | Found a shimmering altar of Xom.
 47693 | Abyss:3  | Found a shimmering altar of Xom.
 47694 | Abyss:3  | Noticed a lich
 47695 | Abyss:3  | Found a shimmering altar of Xom.
 47695 | Abyss:3  | Found a shimmering altar of Xom.
 47695 | Abyss:3  | Found a corrupted altar of Lugonu.
 47695 | Abyss:3  | Found a shimmering altar of Xom.
 47695 | Abyss:3  | Found a shimmering altar of Xom.
 47793 | Vaults:3 | Escaped the Abyss
 47899 | Vaults:2 | Identified the ring "Xynne" {MR+ Dex+7} (You found it on
                  | level 12 of the Dungeon)
 48419 | Vaults:3 | Reached XP level 20. HP: 124/139 MP: 27/27
 48643 | Vaults:3 | Found Tadumelu's Antique Weapon Shoppe.
 48864 | Vaults:3 | Noticed Mennas
 48883 | Vaults:3 | Killed Mennas
 49682 | Vaults:4 | Received a gift from Trog
 49682 | Vaults:4 | Reached skill level 20 in Fighting
 49693 | Vaults:4 | Noticed Frederick
 50166 | Vaults:4 | Killed Frederick
 51254 | Vaults:4 | Found a portal to a secret trove of treasure.
 51427 | Vaults:4 | Received a gift from Trog
 51715 | Vaults:4 | Identified the +11 morningstar of Eternal Harmony {protect,
                  | rC+ Int+2} (Trog gifted it to you on level 3 of the Vaults)
 52016 | Vaults:4 | Found Onik Laa's Distillery.
 52024 | Vaults:4 | Bought 2 potions of agility for 176 gold pieces
 52024 | Vaults:4 | Bought a potion of agility for 88 gold pieces
 52254 | Depths:1 | Entered Level 1 of the Depths
 52335 | Depths:1 | Found a huge runed gate.
 52335 | Depths:1 | Found a huge runed gate.
 52335 | Depths:1 | Found a huge runed gate.
 52336 | Depths:1 | Found a huge runed gate.
 52337 | Depths:1 | Found a huge runed gate.
 52338 | Depths:1 | Found a huge runed gate.
 52339 | Depths:1 | Found a huge runed gate.
 52374 | Depths:1 | Found a huge runed gate.
 52374 | Depths:1 | Found a huge runed gate.
 52374 | Depths:1 | Found a huge runed gate.
 52378 | Depths:1 | Found a huge runed gate.
 52646 | Depths:1 | Reached XP level 21. HP: 139/147 MP: 28/28
 52693 | Depths:1 | Found a huge runed gate.
 52693 | Depths:1 | Found a huge runed gate.
 53105 | Depths:1 | Received a gift from Trog
 53224 | Depths:1 | Found a huge runed gate.
 53224 | Depths:1 | Found a huge runed gate.
 53224 | Depths:1 | Found a huge runed gate.
 53224 | Depths:1 | Found a huge runed gate.
 53224 | Depths:1 | Found a huge runed gate.
 53224 | Depths:1 | Found a huge runed gate.
 53224 | Depths:1 | Found a huge runed gate.
 53224 | Depths:1 | Found a huge runed gate.
 53224 | Depths:1 | Found a huge runed gate.
 53809 | Depths:1 | Reached skill level 21 in Fighting
 54152 | Depths:1 | Found a one-way gate to the infinite horrors of the Abyss.
 54549 | Depths:2 | Identified the +7 faerie dragon scales {rCorr MP+8 Str+3}
 54549 | Depths:2 | Noticed the Enchantress
 54866 | Depths:1 | Killed the Enchantress
 56210 | Depths:2 | Killed from afar by a fire giant

Vault maps used:
D:1:      dpeg_arrival_stone_temple_mockup
D:2:      cheibrodos_old_hovel, tgw_trog, uniq_sigmund
D:3:      yredelemnul_forgotten_temple_becter, kennysheep_slug_shrine,
          uniq_jessica
D:4:      kennysheep_mini_moat, first_ration
D:5:      lemuel_castle_with_subvaults, temple_fountains, uniq_grinder
D:6:      gammafunk_temple_overflow_wave, uniq_edmund, uniq_pikel
D:7:      the_bakery
D:8:      minmay_fountain_box, uniq_joseph
D:9:      enter_bailey_2, eino_tiny_chamber, nicolae_tso_besieged_by_evil
D:10:     minmay_orc_entry_temple_small, uniq_fannar
D:11:     grunt_lair_entry_orc_guard_hut, chequers_big_river,
          minmay_misc_feat_roman, uniq_erolcha
D:12:     minmay_misc_feat_nine_boxes
D:13:     david_vaults_3, onia_ninara_dug_in_and_dangerous
D:14:     minmay_crystal_water, serial_shops, shop
D:15:     grunt_enter_depths_magical_seal, minmay_strange_pillars
Lair:1:   serial_bayou_shore_b, grunt_megastairs_5, uniq_gastronok
Lair:2:   minmay_lair_venomous_thicket, minmay_swamp_entry_reptiles,
          nicolae_spider_entry_non_spiders, hellmonk_ghost_happy_afterlife
Lair:3:   portal_ice_cave_entry_ice_beasts, serial_bayou_shore_b,
          lemuel_fruit_tree
Lair:4:   st_stairs_10
Lair:5:   nicolae_volcano_entry_two_sided
Lair:6:   evil_forest, nicolae_slime_entry_slimehenge, serial_rivers,
          chequers_serial_rivers_room_a, chequers_serial_rivers_room_b,
          chequers_serial_rivers_small_a, chequers_serial_rivers_room_a
Swamp:1:  serial_swamp_ruin, evilmike_swamp_ruin_house_4,
          evilmike_swamp_ruin_rubble_2
Swamp:2:  evilmike_swamp_ruin_house_5
Swamp:3:  evilmike_swamp_ruin_house_2
Swamp:4:  swamp_basic_johnstein, swamp_pool1
Spider:3: spiders_nest_hornet_nest
Spider:4: grunt_spider_rune_circles, uniq_louise
Orc:1:    basic_altar, special_room
Orc:2:    grunt_orc_gardens, grunt_orc_garden, grunt_orc_garden,
          grunt_orc_garden, grunt_orc_garden
Vaults:1: ontoclasm_vaults_pinch, hangedman_vaults_stretched_pinwheel,
          vaults_mumra_minichess, hangedman_vaults_cutoff,
          nicolae_vaults_what_the_h, v_rooms_3, v_pattern_5,
          vaults_room_door_hall, nicolae_vaults_asterisk, vaults_dpeg_hooks,
          nicolae_vaults_little_squares_3, vaults_room_pools,
          ontoclasm_vaults_ring_small
Vaults:2: vaults_dpeg_doors, hangedman_vaults_corner_blocks,
          nicolae_vaults_little_squares_1, hangedman_vaults_pinch,
          minmay_crypt_entry_simple_statues, nicolae_vaults_network_periphery,
          ontoclasm_vaults_decontamination, hangedman_vaults_snaps,
          nicolae_vaults_rhombus_7, mu_enter_wizlab_1
Vaults:3: grunt_vaults_funnel, v_alt_pattern_6, v_misc_8,
          vaults_dpeg_encased_lava, serial_ice_g,
          nicolae_vaults_network_quincunx, v_rooms_5,
          ontoclasm_vaults_ring_large, v_misc_22, ontoclasm_vaults_twist,
          v_pattern_3, nicolae_vaults_little_squares_3, hangedman_vaults_impose,
          serial_shops, shop, uniq_mennas
Vaults:4: nicolae_vaults_network_s, v_rooms_2, vaults_room_boxed,
          hangedman_vaults_corner_blocks, vaults_room_fancy_cross,
          vaults_dpeg_cross, v_rooms_4, nicolae_vaults_angled_halls,
          vaults_dpeg_ring, nicolae_vaults_alarming, vaults_room_door_hall,
          serial_shops, shop_statue, nicolae_trove_entry_diagonal,
          uniq_frederick
Depths:1: nicolae_water_bricks, abyss_entry_crystal, hell_entry, door_vault
Depths:2: minmay_concentric_multi, enter_ziggurat_f, grunt_metal_band,
          hangedman_abyss_or_decor_stabs, uniq_enchantress
Abyss:3:  nicolae_abyss_rune_left_handed
IceCv:    ice_cave_small_demon

Skill      XL: |  1  2  3  4  5  6  7  8  9 10 11 12 13 14 15 16 17 18 19 20 21 |
---------------+----------------------------------------------------------------+-----
Stealth        | 3 |  3.9
Fighting       | 4 5 6 7 9 10 11 12 13 14 15 16 18 19 20 21 | 21.4
Maces & Flails | 4 5 6 8 10 11 12 13 14 | 14.0
Dodging        | 3 4 5 6 7 8 9 10 11 12 | 12.5
Armour         | 2 3 4 6 7 8 10 11 12 13 14 15 16 17 18 | 18.2
Shields        | 2 3 5 7 9 11 12 13 14 15 16 | 16.8
Evocations     | 1 4 6 7 9 10 | 10.0

Action                   |  1- 3 |  4- 6 |  7- 9 | 10-12 | 13-15 | 16-18 | 19-21 || total
-------------------------+-------+-------+-------+-------+-------+-------+-------++-------
Melee: Mace              |   140 |   166 |   394 |   305 |  1430 |  2417 |  2215 ||  7067
       Dire flail        |       |       |   108 |   422 |       |       |       ||   530
Invok: Berserk           |       |     2 |     7 |     7 |    17 |    14 |    13 ||    60
       Trog's Hand       |       |       |     1 |       |     2 |     3 |     7 ||    13
       Brothers in Arms  |       |       |       |     2 |     6 |     8 |     6 ||    22
 Abil: Evoke Invisibilit |       |       |       |       |       |     1 |     2 ||     3
       Fly               |       |       |       |       |       |     1 |       ||     1
       Stop Flying       |       |       |       |       |       |     1 |       ||     1
       Evoke Blink       |       |       |       |       |       |       |     6 ||     6
Evoke: Wand              |       |       |       |     4 |     3 |    10 |    11 ||    28
  Use: Potion            |     2 |       |       |       |       |       |     1 ||     3
       Scroll            |       |       |     9 |    12 |     9 |    23 |    19 ||    72
 Stab: Sleeping          |     3 |       |       |       |       |       |       ||     3
       Distracted        |       |       |       |     1 |       |     1 |     3 ||     5
       Invisible         |       |       |       |       |       |     1 |       ||     1
  Eat: Chunk             |     3 |     7 |    15 |    36 |    70 |    69 |    64 ||   264
       Ration            |       |       |     1 |     1 |     2 |       |       ||     4
Armor: Robe              |    47 |       |       |       |       |       |       ||    47
       Chain mail        |       |    87 |       |       |       |       |       ||    87
       Plate armour      |       |    16 |   437 |   511 |   110 |       |       ||  1074
       Crystal plate arm |       |       |       |       |  1464 |  1811 |  1142 ||  4417
Dodge: Dodged            |   106 |    76 |   177 |   300 |   553 |   750 |   573 ||  2535
Block: Buckler           |       |       |    89 |    59 |   421 |       |       ||   569
       Shield            |       |       |       |       |   228 |  1280 |       ||  1508
       Large shield      |       |       |       |       |       |   484 |  2155 ||  2639

Table legend:
 A = Non-vault XP
 B = Vault XP
 C = Vault XP percentage of total XP
 D = Non-vault monster count
 E = Vault monster count
 F = Vault count percentage of total count
                 A         B        C        D         E       F
            +---------+---------+-------+---------+---------+-------
      Total |  386795 |  180567 |  31.8 |    1105 |     400 |  26.6
            +---------+---------+-------+---------+---------+-------
        D:1 |      49 |       0 |   0.0 |      25 |       0 |   0.0
        D:2 |      32 |     238 |  88.1 |      12 |       7 |  36.8
        D:3 |     288 |      42 |  12.7 |      35 |       3 |   7.9
        D:4 |      82 |      14 |  14.6 |       9 |       1 |  10.0
        D:5 |     426 |     299 |  41.2 |      19 |       3 |  13.6
        D:6 |     504 |     831 |  62.2 |      16 |       2 |  11.1
        D:7 |    1354 |     220 |  14.0 |      25 |       1 |   3.8
        D:8 |    1947 |     455 |  18.9 |      32 |       1 |   3.0
        D:9 |    3159 |      20 |   0.6 |      22 |       9 |  29.0
       D:10 |    1221 |    1372 |  52.9 |      12 |      10 |  45.5
       D:11 |    4714 |    1492 |  24.0 |      35 |       6 |  14.6
       D:12 |    2432 |       0 |   0.0 |      14 |       0 |   0.0
       D:13 |    6582 |   13974 |  68.0 |      26 |      31 |  54.4
       D:14 |   14569 |       0 |   0.0 |      41 |       0 |   0.0
       D:15 |    6629 |    5019 |  43.1 |      18 |      10 |  35.7
     Lair:1 |    1132 |    2639 |  70.0 |       7 |       2 |  22.2
     Lair:2 |    4695 |    2354 |  33.4 |      14 |      27 |  65.9
     Lair:3 |    5807 |    1052 |  15.3 |      22 |       8 |  26.7
     Lair:4 |    5644 |     151 |   2.6 |      24 |       1 |   4.0
     Lair:5 |    8740 |     128 |   1.4 |      38 |       3 |   7.3
     Lair:6 |   11268 |    8561 |  43.2 |      33 |      27 |  45.0
    Swamp:1 |    9727 |       0 |   0.0 |      30 |       0 |   0.0
    Swamp:2 |   12902 |       0 |   0.0 |      30 |       0 |   0.0
    Swamp:3 |   11851 |     646 |   5.2 |      26 |       1 |   3.7
    Swamp:4 |   11914 |   16597 |  58.2 |      38 |      34 |  47.2
   Spider:1 |   11926 |       0 |   0.0 |      40 |       0 |   0.0
   Spider:2 |    8214 |       0 |   0.0 |      22 |       0 |   0.0
   Spider:3 |   15523 |    1328 |   7.9 |      41 |       4 |   8.9
   Spider:4 |   10348 |   22487 |  68.5 |      23 |      36 |  61.0
      Orc:1 |    2007 |    7094 |  77.9 |      32 |      28 |  46.7
      Orc:2 |    2572 |    7380 |  74.2 |      36 |      23 |  39.0
   Vaults:1 |   28293 |   14830 |  34.4 |      55 |      22 |  28.6
   Vaults:2 |   43633 |   13282 |  23.3 |      67 |      14 |  17.3
   Vaults:3 |   30597 |   14214 |  31.7 |      57 |      14 |  19.7
   Vaults:4 |   31681 |   24497 |  43.6 |      41 |      35 |  46.1
   Depths:1 |   42384 |   10458 |  19.8 |      48 |      11 |  18.6
   Depths:2 |   26463 |    4794 |  15.3 |      31 |       6 |  16.2
    Abyss:2 |    1242 |       0 |   0.0 |       4 |       0 |   0.0
    Abyss:3 |    4244 |       0 |   0.0 |       5 |       0 |   0.0
      IceCv |       0 |    4099 | 100.0 |       0 |      20 | 100.0
            +---------+---------+-------+---------+---------+-------
